 Dungeon Crawl Stone Soup version 0.30-a0-883-g5ad918d77d (webtiles) character file.

Game seed: 14722923525891179753

371 cheesebisquit the Covered (level 6, -4/47 (54) HPs)
             Began as an Armataur Fighter on Mar 17, 2023.
             Slain by Crazy Yiuf
             ... wielding a +3 quarterstaff of chaos
              (11 damage)
             ... on level 4 of the Dungeon.
             The game lasted 00:10:43 (2824 turns).

cheesebisquit the Covered (Armataur Fighter)        Turns: 2824, Time: 00:10:44

HP:   -4/47 (54)    AC:  9    Str: 23    XL:     6   Next: 42%
MP:   1/6           EV: 12    Int:  8    God:
Gold: 53            SH:  4    Dex: 10    Spells: 5/5 levels left

rFire   + . .      SeeInvis .    a - +1 flail
rCold   + . .      Faith    .    c - +0 buckler
rNeg    . . .      Spirit   .    b - +0 scale mail
rPois   +          Reflect  .    r - +0 helmet
rElec   +          Roll     +    s - scarf {+Inv}
rCorr   +                        (no gloves)
Will    .....                    (no barding)
Stlth   +                        g - amulet of magic regeneration
HPRegen 0.27/turn                (no ring)
MPRegen 0.50/turn                (no ring)

@: mighty, agile, resistant, heavily drained
A: large, rugged brown scales 3, deformed body, armoured tail, roll, long
tongue, awkward tongue
a: Evoke Invisibility


You were on level 4 of the Dungeon.
You visited 1 branch of the dungeon, and saw 4 of its levels.

You collected 188 gold pieces.
You spent 135 gold pieces at shops.

Inventory:

Hand Weapons
 a - a +1 flail (weapon)
Armour
 b - a +0 scale mail (worn)
 c - a +0 buckler (worn)
 r - a +0 helmet (worn)
 s - a scarf of invisibility (worn)
Jewellery
 g - an amulet of magic regeneration (around neck)
Scrolls
 e - 2 scrolls of amnesia
 f - a scroll of fear {unknown}
 h - a scroll of teleportation {unknown}
 i - a scroll of enchant weapon
 k - a scroll of poison
 m - a scroll of summoning {unknown}
 o - a scroll of vulnerability
 p - a scroll of identify {unknown}
Potions
 d - a potion of might
 j - a potion of mutation {unknown}
 l - a potion of experience {unknown}
 n - a potion of curing {unknown}
 q - a potion of magic {unknown}
 t - a potion of cancellation {unknown}


   Skills:
 + Level 3.1 Fighting
 - Level 1.7 Maces & Flails
 * Level 6.5 Armour
 + Level 3.5 Stealth
 + Level 4.7 Shields


You had 5 spell levels left.
You didn't know any spells.
Your spell library contained the following spells:

 Spells                   Type           Power      Damage    Failure   Level
 Summon Small Mammal      Summ           0%         N/A       77%         1
 Call Canine Familiar     Summ           0%         N/A       98%         3
 Ozocubu's Armour         Ice            0%         N/A       98%         3
 Summon Guardian Golem    Hex/Summ       0%         N/A       98%         3
 Ozocubu's Refrigeration  Ice            0%         4d7       100%        7


Dungeon Overview and Level Annotations

Branches:
Dungeon (4/15)
 Temple: D:4-7

Altars:
Zin

Shops:
D:2 [

Annotations:
D:4 1 runed translucent door, Crazy Yiuf, Grinder


Innate Abilities, Weirdness & Mutations

You are completely covered in rugged brown scales. (AC +3, +7% HP)
Armour fits poorly on your strangely shaped body.
You have a long armoured tail.
You roll when moving toward enemies. (Rampage)
Your long tongue fully drains potion bottles. (2x potion effects)
Your tongue gives you trouble enunciating. (1.5x scroll delay)


Message History

There is an escape hatch in the floor here.
You slide downwards.
The hatch slams shut behind you.
Level annotation: Grinder Crazy Yiuf barely misses you.
Found a hammer.
Found a runed translucent door.
You barely miss Crazy Yiuf. Crazy Yiuf barely misses you.
You hit Crazy Yiuf but do no damage.
Your tail-slap misses Crazy Yiuf.
Crazy Yiuf hits you with a +3 quarterstaff of chaos.
You feel protected. Crazy Yiuf barely misses you.
You hit Crazy Yiuf but do no damage.
Crazy Yiuf glowers.
Crazy Yiuf hits you with a +3 quarterstaff of chaos.
You hit Crazy Yiuf.
Your tail-slap misses Crazy Yiuf.
Crazy Yiuf is lightly wounded.
Crazy Yiuf screams, "Hah ladder forty-two!"
Crazy Yiuf hits you with a +3 quarterstaff of chaos.
You slurp down every last drop of the potion of might!
You feel very mighty all of a sudden.
Crazy Yiuf hits you with a +3 quarterstaff of chaos.
You feel agile all of a sudden.
You sock Crazy Yiuf!
Crazy Yiuf is severely wounded.
Crazy Yiuf hits you with a +3 quarterstaff of chaos!
You feel mightier all of a sudden.
Crazy Yiuf hits you with a +3 quarterstaff of chaos!
* * * LOW HITPOINT WARNING * * *
You feel your power leaking away.
You closely miss Crazy Yiuf.
Crazy Yiuf is severely wounded.
Crazy Yiuf hits you with a +3 quarterstaff of chaos!
* * * LOW HITPOINT WARNING * * *
Crazy Yiuf burns you.
* * * LOW HITPOINT WARNING * * *
You are too injured to fight recklessly!
Activating: Evoke Invisibility (71% risk of failure)
Press: ? - help, Q - select action Dir - look around, f - activate You feel drained.
You fail to use your ability.
Crazy Yiuf hits you with a +3 quarterstaff of chaos!
You die...

.......
♣
......?
.
.......
.♣♣ ♣.♣
##+##
#...# .
#..g#
..
#.@)#
..
#####
.. ..
.. #


You could see Crazy Yiuf.

Vanquished Creatures
  A black bear (D:3)
  A scorpion (D:4)
  A howler monkey (D:4)
  An orc priest (D:3)
  An iguana (D:4)
  4 adders
  3 worms (D:2)
  A dart slug (D:2)
  6 orcs
  4 ball pythons
  3 bats
  10 endoplasms
  5 giant cockroaches
  10 goblins
  6 hobgoblins
  4 jackals (D:2)
  6 kobolds
  3 quokkas
  5 frilled lizards
  6 rats
81 creatures vanquished.

Vanquished Creatures (others)
  2 fungi (D:4)
2 creatures vanquished.

Grand Total: 83 creatures vanquished

Notes
Turn   | Place    | Note
-------+----------+-------------------------------------------
     0 | D:1      | cheesebisquit the Armataur Fighter began the quest for the
                  | Orb.
     0 | D:1      | Reached XP level 1. HP: 19/19 MP: 1/1
    32 | D:1      | Reached skill level 4 in Armour
    66 | D:1      | Reached XP level 2. HP: 23/26 MP: 2/2
   101 | D:1      | Reached skill level 1 in Stealth
   238 | D:1      | Reached XP level 3. HP: 30/32 MP: 3/3
   975 | D:2      | Found Cofa Tie's Antique Armour Boutique.
   982 | D:2      | Reached XP level 4. HP: 34/39 MP: 4/4
  1005 | D:2      | Bought a helmet for 135 gold pieces
  1100 | D:2      | Reached skill level 5 in Armour
  1530 | D:3      | Reached XP level 5. HP: 44/44 MP: 5/5
  1759 | D:3      | Found a glowing silver altar of Zin.
  2356 | D:4      | Noticed an ogre
  2399 | D:4      | Noticed Grinder
  2406 | D:4      | Noticed a lemure
  2407 | D:4      | Noticed a lemure
  2509 | D:4      | Reached skill level 6 in Armour
  2623 | D:4      | Noticed an ogre
  2627 | D:4      | Reached XP level 6. HP: 52/54 MP: 6/6
  2816 | D:4      | Noticed Crazy Yiuf
  2816 | D:4      | Found a runed translucent door.
  2824 | D:4      | Slain by Crazy Yiuf

Illustrated notes

Levels and vault maps discovered:
D:1:      erik_arrival_triangle_small, layout_basic,
          chequers_serial_rivers_micro_e
D:2:      layout_loops_ring, serial_shops, nicolae_shop_advertising_works
          [nicolae_subvault_shop_adworks], nrook_loot_triangle,
          kennysheep_generic_room_14
D:3:      layout_basic, mainiacjoe_overflow_small_starburst
D:4:      layout_cave_pools, doesnt_xom_only_xom,
          minmay_temple_entry_drinking_statues, uniq_grinder, uniq_pikel,
          uniq_crazy_yiuf_cottage

Skill      XL: |  1  2  3  4  5 |
---------------+----------------+-----
Armour         | 4 5 6 |  6.5
Stealth        | 1 2 3 |  3.5
Shields        | 4 |  4.7
Fighting       | 3 |  3.1
Maces & Flails | |  1.7

Action                     |  1- 3 |  4- 6 || total
---------------------------+-------+-------++-------
  Melee: Flail             |   127 |   113 ||   240
         Tailslap          |    17 |    16 ||    33
Ability: Evoke Invisibilit |       |     1 ||     1
    Use: Scroll            |       |     4 ||     4
         Potion            |       |     1 ||     1
 Armour: Scale mail        |    67 |    61 ||   128
  Dodge: Dodged            |    41 |    55 ||    96
  Block: Buckler           |    25 |    37 ||    62

Table legend: (Time is in decaauts)
 A = Elapsed time spent in this place.
 B = Non-inter-level travel time spent in this place.
 C = Inter-level travel time spent in this place.
 D = Time resting spent in this place.
 E = Time spent auto-exploring this place.
 F = Levels seen in this place.
 G = Mean time per level.
                   A        B        C        D        E       F      G
               +--------+--------+--------+--------+--------+-----+--------+
         Total |   2911 |   2702 |    209 |    188 |   1841 |   4 |  727.8 |
       Dungeon |   2911 |   2702 |    209 |    188 |   1841 |   4 |  727.8 |
               +--------+--------+--------+--------+--------+-----+--------+

Top non-repeatable levels by time:
     D:3: 1135 daAuts
     D:2: 1012 daAuts
     D:1: 610 daAuts
     D:4: 153 daAuts
